 Dungeon Crawl Stone Soup version 0.26-a0-651-gb41185065b (webtiles) character file.

Game seed: 16023220586268881864

1334 Ozzies the Skirmisher (level 8, -3/88 HPs)
             Began as a Troll Monk on Oct 3, 2020.
             Slain by an orc warrior
             ... wielding a +0 long sword
              (16 damage)
             ... on level 6 of the Dungeon.
             The game lasted 00:08:51 (4962 turns).

Ozzies the Skirmisher (Troll Monk)                  Turns: 4962, Time: 00:08:53

Health: -3/88      AC:  6    Str: 22    XL:     8   Next: 35%
Magic:  7/7        EV: 11    Int:  8    God:
Gold:   369        SH:  0    Dex: 14    Spells: 7/7 levels left

rFire    . . .     SeeInvis .     - Unarmed
rCold    . . .     Faith    .   (no shield)
rNeg     . . .     Spirit   .   a - +0 robe
rPois    .         Reflect  .   (helmet restricted)
rElec    .         Harm     .   (no cloak)
rCorr    +         Rampage  .   (gloves unavailable)
MR       .....                  (boots unavailable)
Stlth    ++........             (no amulet)
HPRegen  0.64/turn              y - ring of resist corrosion
MPRegen  0.10/turn              (no ring)

@: no status effects
A: large, unfitting armour, claws 3, horns 1, agile 1, clever 1, regeneration 1,
shaggy fur 1, tough skin 3, subdued magic 1
a: no special abilities


You were on level 6 of the Dungeon.
You visited 1 branch of the dungeon, and saw 6 of its levels.
You also visited: Sewer.

You collected 369 gold pieces.

Inventory:

Hand Weapons
 x - a +0 lajatang
Missiles
 q - 7 poisoned darts (quivered)
Armour
 a - a +0 robe (worn)
Jewellery
 r - an uncursed ring of protection from cold
 y - a ring of resist corrosion (left claw)
Wands
 u - a wand of iceblast (10)
Scrolls
 b - a scroll of identify
 c - 3 scrolls of remove curse
 e - 2 scrolls of noise {unknown}
 h - a scroll of amnesia {unknown}
 k - 2 scrolls of enchant armour {unknown}
 l - 3 scrolls of magic mapping {unknown}
 n - 3 scrolls of teleportation {unknown}
 p - a scroll of immolation {unknown}
 v - a scroll of blinking {unknown}
 w - a scroll of fear {unknown}
Potions
 d - a potion of berserk rage
 f - a potion of cancellation {unknown}
 g - 2 potions of curing
 i - 3 potions of flight
 j - a potion of ambrosia
 o - 2 potions of heal wounds
 t - a potion of brilliance {unknown}


   Skills:
 * Level 7.8 Fighting
 + Level 2.4 Throwing
 + Level 3.4 Dodging
 - Level 1.0 Stealth
 + Level 4.1 Unarmed Combat


You had 7 spell levels left.
You didn't know any spells.
Your spell library was empty.

Dungeon Overview and Level Annotations

Branches:
Dungeon (6/15)              Sewer (visited)
 Temple: D:4-7

Altars:

Shops:
D:5 (   D:6 [

Annotations:
D:4 2 transporters, tof's ghost, novice DsGl


Innate Abilities, Weirdness & Mutations

You are too large for most types of armour.
You have claws for hands.
Your natural rate of healing is unusually fast.
You are covered in fur. (AC +1)
You have extremely tough skin. (AC +3)
You have a pair of small horns on your head.
You are agile. (Dex +2)
Your mind is acute. (Int +2)
Your spells are a little easier to cast, but a little less powerful.


Message History

* * * LOW HITPOINT WARNING * * *
The bullfrog completely misses you. The ooze hits you but does no damage.
The worker ant closely misses you.
The orc wizard casts a spell.
The orc wizard flickers and vanishes!
Deactivating autopickup; reactivate with Ctrl-A.
You scratch the worker ant but do no damage.
The worker ant is almost dead.
The bullfrog hits you.
* * * LOW HITPOINT WARNING * * *
The orc warrior hits you but does no damage.
The worker ant bites you but does no damage.
The ooze closely misses you.
You feel better.
The bullfrog hits you but does no damage.
The worker ant bites you.
* * * LOW HITPOINT WARNING * * *
The bullfrog barely misses you. The ooze closely misses you.
The orc warrior hits you with a +0 long sword!
You die...

#.# #.# #.#
#o# #o# #{#
#o#
#$###@##.#
#...aFJ..#
##...........
#.##.####...
#.. ∩[. ..
... .... ....
...## ###.
#..## .. ..


You could see an orc warrior, a bullfrog, a worker ant, an ooze and 2 orcs.

Vanquished Creatures
  Grinder (D:4)
  A water moccasin (D:5)
  A centaur (D:5)
  2 ogres (D:4)
  A bullfrog (Sewer)
  A howler monkey (D:5)
  2 jellies
  A hound (D:5)
  A centaur skeleton (D:5)
  An orc priest (D:5)
  An iguana (D:4)
  4 worker ants
  2 howler monkey skeletons
  19 adders
  A river rat (D:5)
  A white imp (D:5)
  11 oozes
  5 worms
  2 dart slugs
  16 leopard geckos
  9 orcs
  12 giant cockroaches
  7 goblins
  5 hobgoblins
  3 jackals (D:2)
  3 quokkas
  8 ball pythons
  11 bats
  16 frilled lizards
  10 kobolds
  11 rats
169 creatures vanquished.

Notes
Turn   | Place    | Note
-------+----------+-------------------------------------------
     0 | D:1      | Ozzies the Troll Monk began the quest for the Orb.
     0 | D:1      | Reached XP level 1. HP: 22/22 MP: 0/0
   139 | D:1      | Reached XP level 2. HP: 29/29 MP: 1/1
   141 | D:1      | Reached skill level 3 in Fighting
   450 | D:1      | Reached XP level 3. HP: 37/37 MP: 2/2
   874 | D:2      | Reached skill level 4 in Fighting
  1038 | D:2      | Reached XP level 4. HP: 48/48 MP: 3/3
  2027 | D:3      | Reached XP level 5. HP: 50/55 MP: 4/4
  2179 | D:3      | Reached skill level 5 in Fighting
  2758 | D:4      | Noticed an ogre
  2766 | D:4      | Killed an ogre
  2766 | D:4      | Reached XP level 6. HP: 21/67 MP: 5/5
  2861 | D:4      | Noticed Grinder
  2866 | D:4      | Paralysed by Grinder for 5 turns
  2881 | D:4      | Killed Grinder
  2881 | D:4      | Reached skill level 6 in Fighting
  2991 | D:4      | Reached XP level 7. HP: 61/76 MP: 6/6
  3056 | D:4      | Found a transporter.
  3068 | D:4      | Reached skill level 7 in Fighting
  3190 | D:4      | Noticed tof's ghost (novice DsGl)
  3203 | D:4      | Found a transporter.
  3436 | D:5      | Entered Level 5 of the Dungeon
  3619 | D:5      | Reached skill level 1 in Throwing
  3873 | D:5      | Found Ziriwk's Antique Weapon Shop.
  3930 | D:5      | Found a glowing drain.
  3940 | Sewer    | Entered a sewer
  4259 | Sewer    | Reached XP level 8. HP: 82/87 MP: 7/7
  4916 | D:5      | Gained mutation: You are agile. (Dex +2) [potion of
                  | mutation]
  4916 | D:5      | Gained mutation: Your mind is acute. (Int +2) [potion of
                  | mutation]
  4916 | D:5      | Gained mutation: Your spells are a little easier to cast,
                  | but a little less powerful. [potion of mutation]
  4916 | D:5      | Gained mutation: You have a pair of small horns on your
                  | head. [potion of mutation]
  4945 | D:6      | Found Ablimire's Armour Emporium.
  4962 | D:6      | Slain by an orc warrior

Illustrated notes

Levels and vault maps discovered:
D:1:      minmay_arrival_widening_spiral_wide, layout_basic,
          minmay_strange_pillars, minmay_pentomino_x2
D:2:      layout_basic
D:3:      wad_river_or_something, layout_basic, kennysheep_generic_room_7
D:4:      layout_loops_cross, gammafunk_ghost_stat_death, uniq_grinder
D:5:      layout_basic, portal_sewer_entry_a, serial_shops, shop
D:6:      layout_loops_ring, serial_shops, shop, shop, shop_statue, shop_statue,
          shop

Skill      XL: |  1  2  3  4  5  6  7  8 |
---------------+-------------------------+-----
Fighting       | 3 4 5 6 7 |  7.8
Throwing       | 1 2 |  2.4
Dodging        | 3 |  3.4
Unarmed Combat | 4 |  4.1
Stealth        | |  1.0

Action                   |  1- 3 |  4- 6 |  7- 9 || total
-------------------------+-------+-------+-------++-------
Melee: Unarmed           |   119 |   152 |   304 ||   575
       Punch             |       |     1 |     5 ||     6
       Headbutt          |       |       |     5 ||     5
  Use: Scroll            |       |       |     8 ||     8
       Potion            |       |       |     3 ||     3
 Stab: Sleeping          |     1 |     4 |     1 ||     6
Armor: Robe              |    49 |    60 |   137 ||   246
Dodge: Dodged            |    73 |    94 |   223 ||   390

Table legend: (Time is in decaauts)
 A = Elapsed time spent in this place.
 B = Non-inter-level travel time spent in this place.
 C = Inter-level travel time spent in this place.
 D = Time resting spent in this place.
 E = Time spent auto-exploring this place.
 F = Levels seen in this place.
 G = Mean time per level.
                   A        B        C        D        E       F      G
               +--------+--------+--------+--------+--------+-----+--------+
         Total |   4990 |   4777 |    213 |      4 |   3678 |   7 |  712.9 |
       Dungeon |   4538 |   4325 |    213 |      4 |   3499 |   6 |  756.3 |
         Sewer |    452 |    452 |      0 |      0 |    179 |   1 |  452.0 |
               +--------+--------+--------+--------+--------+-----+--------+

Top non-repeatable levels by time:
     D:2: 1356 daAuts
     D:5: 1090 daAuts
     D:3: 744 daAuts
     D:4: 682 daAuts
     D:1: 645 daAuts
   Sewer: 452 daAuts
     D:6: 18 daAuts
